 Dungeon Crawl Stone Soup version 0.23.0 (webtiles) character file.

Game seed: 17408036847494883000

76 KamiKatze the Chopper (level 4, -9/40 HPs)
             Began as a Hill Orc Fighter on Feb 18, 2019.
             Mangled by Natasha (13 damage)
             ... on level 2 of the Dungeon.
             The game lasted 00:05:02 (1098 turns).

KamiKatze the Chopper (Hill Orc Fighter)            Turns: 1098, Time: 00:05:03

Health: -9/40      AC:  6    Str: 19    XL:     4   Next: 32%
Magic:  4/4        EV:  7    Int:  8    God:
Gold:   79         SH:  9    Dex: 10    Spells: 3/3 levels left

rFire    . . .     SeeInvis .   a - +0 war axe
rCold    . . .     Gourm    .   c - +0 shield
rNeg     . . .     Faith    .   b - +0 scale mail
rPois    .         Spirit   .   (no helmet)
rElec    .         Reflect  .   (no cloak)
rCorr    .         Harm     .   (no gloves)
MR       .....                  (no boots)
Stlth    ..........             (no amulet)
HPRegen  0.13/turn              (no ring)
MPRegen  0.09/turn              (no ring)

@: no status effects
A: no striking features
a: no special abilities


You were on level 2 of the Dungeon.
You were not hungry.

You visited 1 branch of the dungeon, and saw 2 of its levels.

You collected 79 gold pieces.

Inventory:

Hand Weapons
 a - a +0 war axe (weapon)
Missiles
 e - 71 stones (quivered)
 i - 8 tomahawks
Armour
 b - a +0 scale mail (worn)
 c - a +0 shield (worn)
Jewellery
 k - a cursed -3 ring of intelligence {unknown}
Scrolls
 g - a scroll of fog {unknown}
 h - a scroll of noise {unknown}
 m - a scroll of random uselessness {unknown}
 o - a scroll of blinking {unknown}
Potions
 d - a potion of might
 j - a potion of heal wounds {unknown}
 n - a potion of flight {unknown}
 p - 2 potions of curing {unknown}
Comestibles
 f - a ration


   Skills:
 + Level 4.2 Fighting
 * Level 4.3 Axes
 - Level 3.6 Armour
 * Level 4.0 Shields


You had 3 spell levels left.
You didn't know any spells.
Your spell library was empty.

Dungeon Overview and Level Annotations

Branches:
Dungeon (2/15)

Altars:

Annotations:
D:2 Natasha


Message History

Natasha drinks a potion.
Natasha seems to grow stronger.
Things that are here:
a +0 club; a hobgoblin corpse You closely miss Natasha.
Natasha claws you but does no damage. Natasha claws you.
You hit Natasha.
Natasha is moderately wounded.
Natasha claws you!
You are too injured to fight recklessly!
You are too injured to fight recklessly!
Your shield prevents you from hitting Natasha.
Natasha is moderately wounded.
Natasha claws you!
All of the chunks of flesh in your inventory have rotted away.
You closely miss Natasha.
Natasha is moderately wounded.
Natasha claws you!
* * * LOW HITPOINT WARNING * * *
Natasha claws you!
You die...

.###.............<..#.........#..
.##......##...##...##...>.....#..
.......#####..##...##.........#..
.###............h........... .h.#
.# #................#..........##
.###...........g.#............#
..##..#............##.........
..##..##.#...####h...........
..##............@...# ......
รท)................###.... ...##
.....###..###.###.....# #..#
...#.# ##.###.###.###########.###
.....# #...#........##..........
....## ###.............#####...(
.#.#### ##......[..............
>.....# ###..........########....
.)....###..<..#############...###


You could see Natasha.

Vanquished Creatures
  2 adders (D:2)
  An ooze (D:1)
  A worm (D:2)
  A dart slug (D:1)
  A leopard gecko (D:2)
  4 bats (D:1)
  3 giant cockroaches
  11 hobgoblins
  A quokka (D:2)
  4 frilled lizards (D:1)
  4 goblins (D:1)
  7 kobolds
  6 rats (D:1)
46 creatures vanquished.

Notes
Turn   | Place    | Note
-------+----------+-------------------------------------------
     0 | D:1      | KamiKatze the Hill Orc Fighter began the quest for the Orb.
     0 | D:1      | Reached XP level 1. HP: 19/19 MP: 1/1
    50 | D:1      | Reached XP level 2. HP: 22/27 MP: 2/2
   238 | D:1      | Reached XP level 3. HP: 32/33 MP: 3/3
   524 | D:1      | You fall through a shaft!
   855 | D:2      | Reached XP level 4. HP: 31/40 MP: 4/4
   912 | D:2      | Found a faded altar of an unknown god.
  1016 | D:2      | Noticed Natasha
  1098 | D:2      | Mangled by Natasha

Skill      XL: |  1  2  3  4 |
---------------+-------------+-----
Axes           | 3 4 |  4.3
Fighting       | 4 |  4.2
Shields        | 4 |  4.0
Armour         | |  3.6

Action                   |  1- 3 |  4- 6 || total
-------------------------+-------+-------++-------
Melee: War axe           |   111 |    20 ||   131
  Eat: Chunk             |       |     1 ||     1
Armor: Scale mail        |    60 |     9 ||    69
Dodge: Dodged            |    43 |     6 ||    49
Block: Shield            |    58 |     9 ||    67
